 Dungeon Crawl Stone Soup version 0.18.1-48-g4cf74bf (webtiles) character file.

592 GFox the Ruffian (level 7, -12/61 HPs)
             Began as a Minotaur Monk on July 20, 2016.
             Mangled by GFox's ghost (14 damage)
             ... on level 3 of the Dungeon.
             The game lasted 00:21:34 (2991 turns).

GFox the Ruffian (Minotaur Monk)                    Turns: 2991, Time: 00:21:35

Health: -12/61     AC:  7    Str: 21    XL:     7   Next: 16%
Magic:  6/6        EV: 10    Int:  7    God:
Gold:   240        SH:  0    Dex: 14    Spells: 0 memorised, 6 levels left

rFire  . . .     SeeInvis .       - Unarmed
rCold  . . .     Gourm    .     c - +0 chain mail
rNeg   . . .     Faith    .     (no shield)
rPois  .         Spirit   .     (helmet restricted)
rElec  .         Dismiss  .     i - +0 cloak
rCorr  .         Reflect  .     (no gloves)
SustAt .         Harm     .     (no boots)
MR     .....     Rnd*Tele +     (no amulet)
Stlth  ..........               (no ring)
                                (no ring)

@: mighty, flying, not resistant to hostile enchantments, extremely unstealthy
A: retaliatory headbutt, horns 2, deformed body, teleportitis 1, evolution 1
a: no special abilities


You were on level 3 of the Dungeon.
You were not hungry.

You visited 1 branch of the dungeon, and saw 3 of its levels.

You collected 240 gold pieces.

Inventory:

Armour
 c - a +0 chain mail (worn)
 i - a +0 cloak (worn)
Wands
 q - a wand of slowing (27/48)
Scrolls
 d - 2 scrolls of noise {unknown}
 e - 5 scrolls of remove curse {unknown}
 g - a scroll of fog {unknown}
 h - a scroll of random uselessness {unknown}
 j - a scroll of teleportation {unknown}
 m - 5 scrolls of identify {unknown}
 n - a scroll of amnesia {unknown}
 o - a scroll of immolation {unknown}
 x - a scroll of blinking {unknown}
Potions
 v - a potion of flight
 w - a potion of curing {unknown}
Comestibles
 b - 2 bread rations
 f - 3 chunks of flesh
 l - 4 meat rations


   Skills:
 + Level 5.0 Fighting
 + Level 5.1 Armour
 + Level 5.0 Dodging
 + Level 1.5 Stealth
 + Level 6.4 Unarmed Combat


You had 6 spell levels left.
You didn't know any spells.

Dungeon Overview and Level Annotations

Branches:
Dungeon (3/15)

Altars:
Qazlal
Xom

Annotations:
D:3 GFox's ghost, amateur MiFi


Innate Abilities, Weirdness & Mutations

You reflexively headbutt those who attack you in melee.
You have a pair of horns on your head.
Armour fits poorly on your strangely shaped body.
You are occasionally teleported next to monsters.
You evolve.


Message History

You feel weirdly uncertain.
GFox's ghost hits you but does no damage.
Drink which item? (? for menu, Esc to quit)
It was a potion of cancellation.
Your magical effects are unravelling.
Your magical contamination has completely faded away.
You feel magically purged.
You feel yourself slow down.
You flicker back into view.
GFox's ghost hits you but does no damage.
Drink which item? (? for menu, Esc to quit)
It was a potion of might.
You feel very mighty all of a sudden.
You feel less woody.
Your +0 cloak unmelds from your body.
Your +0 chain mail unmelds from your body.
GFox's ghost hits you but does no damage.
Drink which item? (? for menu, Esc to quit)
It was a potion of flight.
You feel very buoyant.
You fly up into the air.
GFox's ghost hits you!
You die...

##############.################
#................#
#.#################### #.#
§§§§§§§ ## #.# §§§§§§§ ####.
#.#############§§§§§§§ #..#.
##'#..(........#§§§§§§§ #..#.
#....<....###..######§§ #....
#........<..#..@W.._#8§ #....
#...........#..######§§ #..).
#....#......#.##§§§§§§§ #..##
##.......>.)#.# §§§§§§§ #..#
#....)#(#.###.# §§§§§§§ #..#
#....[((......# §§§§§§§ #..#
#....)#.#.##### ####### ##..##
#.....#..... #.....
#.....#...### .........


You could see a diamond obelisk and GFox's ghost.

Vanquished Creatures
  Grinder (D:3)
  Sigmund (D:3)
  An orc priest (D:3)
  An orc wizard (D:3)
  Ijyb (D:3)
  6 adders
  5 dart slugs
  A giant gecko (D:2)
  4 orcs (D:3)
  5 giant cockroaches
  9 goblins
  10 hobgoblins
  2 jackals (D:3)
  11 kobolds
  5 quokkas (D:3)
  12 bats
  2 giant newts
  7 rats
84 creatures vanquished.

Notes
Turn   | Place    | Note
--------------------------------------------------------------
     0 | D:1      | GFox the Minotaur Monk began the quest for the Orb.
     0 | D:1      | Reached XP level 1. HP: 19/19 MP: 0/0
   232 | D:1      | Reached XP level 2. HP: 26/26 MP: 1/1
   237 | D:1      | You fall through a shaft!
   292 | D:2      | Reached skill level 5 in Unarmed Combat
   292 | D:2      | Reached XP level 3. HP: 28/33 MP: 2/2
  1425 | D:2      | Reached XP level 4. HP: 40/40 MP: 3/3
  1523 | D:3      | Noticed Ijyb
  1547 | D:3      | Killed Ijyb
  1547 | D:3      | Reached skill level 1 in Armour
  1647 | D:3      | Noticed Sigmund
  1682 | D:3      | Killed Sigmund
  1682 | D:3      | Reached XP level 5. HP: 17/47 MP: 4/4
  1885 | D:3      | Found a shimmering altar of Xom.
  1886 | D:3      | Noticed Grinder
  1923 | D:3      | Paralysed by Grinder for 7 turns
  1938 | D:3      | Killed Grinder
  1938 | D:3      | Reached skill level 6 in Unarmed Combat
  1938 | D:3      | Reached XP level 6. HP: 14/53 MP: 5/5
  2545 | D:3      | Reached XP level 7. HP: 51/60 MP: 6/6
  2623 | D:3      | Reached skill level 5 in Fighting
  2623 | D:3      | Reached skill level 5 in Armour
  2835 | D:3      | Reached skill level 5 in Dodging
  2962 | D:3      | Found a stormy altar of Qazlal.
  2962 | D:3      | Noticed GFox's ghost (amateur MiFi)
  2983 | D:3      | HP: 1/61 [GFox's ghost (8)]
  2988 | D:3      | Gained mutation: Armour fits poorly on your strangely shaped body. [potion of mutation]
  2988 | D:3      | Gained mutation: You evolve. [potion of mutation]
  2988 | D:3      | Gained mutation: You are occasionally teleported next to monsters. [potion of mutation]
  2991 | D:3      | Mangled by GFox's ghost

Skill      XL: |  1  2  3  4  5  6  7 |
---------------+----------------------+-----
Unarmed Combat | 5 6 |  6.4
Dodging        | 4 5 |  5.0
Armour         | 3 4 5 |  5.1
Fighting       | 4 5 |  5.0
Stealth        | |  1.5

Action                   |  1- 3 |  4- 6 |  7- 9 || total
-------------------------+-------+-------+-------++-------
Melee: Unarmed           |    95 |   114 |    58 ||   267
       Headbutt          |    15 |    14 |    10 ||    39
       Punch             |     1 |     1 |       ||     2
  Use: Potion            |       |       |     8 ||     8
  Eat: Chunk             |     2 |     1 |     2 ||     5
       Royal jelly       |       |     1 |       ||     1
Armor: Chain mail        |    62 |    73 |    31 ||   166
       Skin              |       |       |     3 ||     3
Dodge: Dodged            |    43 |    51 |    26 ||   120
